Map: Ice and Chrome LE

Players

RyuKey - Winner!

  • Race: Terran Terran
  • League: Diamond
  • Spawn Location: 1:00

VOD

Have the link to the VOD?

Description

Time

  • Played on: June 23, 2020, 6:30 p.m.
  • Length: 32:05
Show
View Real Time Build Order
Export as new Build Order

RyuKey Terran - Winner!

Build Orders:  

Get SALT Encoding   

  12  0:01  SCV  
  13  0:18  SCV  
  14  0:24  Supply Depot  
  14  0:35  SCV  
  15  0:43  Refinery  
  15  0:54  SCV  
  16  1:02  Barracks  
  16  1:11  SCV  
  17  1:28  SCV  
  18  1:45  SCV  
  19  2:06  Orbital Command  
  19  2:15  Reaper  
  20  2:22  Command Center  
  20  2:37  Factory  
  20  2:43  SCV  
  21  3:00  Refinery, SCV  
  21  3:07  Barracks Reactor  
  22  3:17  SCV  
  23  3:35  Supply Depot  
  23  3:43  Starport  
  23  4:02  SCV, Hellion x2  
  23  4:04  Orbital Command  
  23  4:06  Barracks Tech Lab  
  28  4:19  SCV  
  29  4:32  Hellion  
  29  4:36  SCV, Supply Depot  
  32  4:43  Hellion  
  34  4:50  Banshee  
  34  4:53  SCV  
  34  4:54  SCV  
  39  5:05  Cloaking Field  
  39  5:10  SCV  
  39  5:11  SCV  
  41  5:27  SCV x2  
  43  5:40  Marine  
  43  5:41  Marine, Factory Tech Lab  
  43  5:44  SCV x2  
  47  5:50  Banshee  
  47  5:57  Supply Depot  
  50  6:00  SCV  
  50  6:01  SCV, Supply Depot  
  50  6:09  Marine x2  
  54  6:27  SCV x2, Siege Tank  
  59  6:36  Supply Depot  
  41  6:40  Marine x2  
  59  6:41  Command Center  
  59  6:44  SCV x2  
  59  6:48  Refinery  
  63  6:50  Refinery  
  63  6:55  Banshee  
  66  7:01  SCV x2  
  66  7:09  Marine x2  
  70  7:18  SCV x2  
  72  7:23  Siege Tank  
  75  7:34  Marine x2  
  75  7:35  SCV  
  75  7:36  Supply Depot  
  78  7:46  SCV  
  79  7:52  SCV  
  79  7:56  Banshee  
  83  8:03  SCV  
  83  8:07  Marine x2  
  83  8:08  Siege Tank  
  83  8:09  SCV  
  90  8:20  SCV  
  90  8:21  Orbital Command  
  90  8:26  SCV  
  90  8:28  Supply Depot  
  90  8:29  Supply Depot  
  92  8:37  SCV  
  93  8:41  Marine  
  93  8:42  Marine  
  93  8:45  Factory  
  93  8:46  Factory  
  93  8:47  SCV  
  96  8:54  SCV  
  97  9:01  Supply Depot  
  97  9:06  Marine, Siege Tank, Orbital Command  
  97  9:07  Marine, SCV  
  103  9:14  SCV  
  103  9:17  Banshee  
  100  9:24  SCV  
  99  9:31  SCV  
  99  9:34  Armory  
  99  9:35  Armory  
  100  9:41  SCV  
  100  9:43  Supply Depot  
  100  9:44  SCV  
  100  9:48  Factory Tech Lab  
  102  9:53  Unknown  
  102  10:00  SCV  
  102  10:02  SCV  
  102  10:05  Hellion x2  
  102  10:06  Siege Tank  
  111  10:17  Banshee  
  114  10:21  SCV  
  114  10:22  SCV  
  114  10:23  SCV  
  114  10:24  Engineering Bay  
  114  10:27  Supply Depot  
  117  10:30  Siege Tank  
  117  10:35  Hellion x2  
  117  10:38  SCV  
  117  10:39  SCV  
  126  10:42  SCV  
  127  10:51  Siege Tank  
  127  10:55  SCV  
  127  10:56  SCV  
  127  10:57  Command Center  
  127  10:59  SCV  
  133  11:01  Terran Vehicle Weapons Level 1, Terran Vehicle And Ship Armor Level 1  
  133  11:10  Hellion x2  
  133  11:12  SCV  
  133  11:13  SCV  
  133  11:15  Refinery, Hellion  
  133  11:16  SCV  
  142  11:28  Factory, Infernal Pre-Igniter  
  142  11:29  SCV  
  143  11:31  Refinery, Factory  
  143  11:32  SCV  
  143  11:36  Hellion  
  146  11:40  Hellion  
  146  11:42  SCV  
  149  12:10  Command Center  
  149  12:33  Factory  
  149  12:36  Factory Tech Lab  
  149  12:37  SCV x3, Siege Tank, Factory Tech Lab, Hellion x3  
  149  12:39  Factory, Orbital Command  
  161  13:02  Refinery  
  161  13:06  Refinery, Siege Tank  
  164  13:24  Supply Depot  
  164  13:27  Supply Depot  
  164  13:30  Supply Depot  
  164  13:40  Factory  
  164  13:50  Banshee, Siege Tank x3, Hellion  
  164  13:54  Siege Tank  
  164  13:56  Planetary Fortress  
  181  14:02  SCV  
  181  14:03  Terran Vehicle Weapons Level 2  
  181  14:05  Supply Depot  
  182  14:25  Factory Reactor  
  182  14:33  Hellion x2  
  182  14:35  Siege Tank x2  
  194  14:46  Siege Tank  
  194  14:48  Siege Tank  
  194  14:49  Factory Tech Lab, Siege Tank  
  192  14:50  Banshee  
  192  14:52  Factory Tech Lab  
  193  15:00  Terran Vehicle And Ship Armor Level 2  
  193  15:03  Thor  
  199  15:26  Barracks  
  199  15:29  Barracks  
  199  16:06  SCV, Command Center  
  200  16:10  Command Center  
  200  16:50  Command Center  
  200  16:52  Refinery  
  200  16:54  Refinery  
  200  17:05  Siege Tank x2  
  200  17:31  Factory Tech Lab  
  200  17:57  Orbital Command  
  200  17:58  Orbital Command  
  200  18:19  Orbital Command  
  200  18:27  Siege Tank x4  
  200  18:28  Siege Tank x4  
  200  18:30  Command Center  
  200  18:36  Planetary Fortress  
  200  18:49  Terran Vehicle And Ship Armor Level 3, Terran Vehicle Weapons Level 3  
  200  18:51  Siege Tank x2  
  200  20:37  Hi-Sec Auto Tracking  
  196  20:52  Siege Tank x4  
  182  21:11  Thor x3  
  182  21:12  Thor  
  180  21:51  Unknown  
  154  22:44  Widow Mine x3  
  154  22:45  Thor x2, Widow Mine  
  154  22:46  Thor x4  
  198  23:00  Orbital Command  
  198  23:13  Terran Ship Weapons Level 1  
  198  23:14  Widow Mine  
  198  23:19  Command Center  
  198  23:22  Starport  
  198  23:23  Starport  
  198  23:26  Starport  
  198  23:27  Fusion Core  
  200  23:38  Command Center  
  200  23:39  Starport  
  200  24:31  Refinery x2  
  200  24:32  Unknown  
  199  25:02  Starport Tech Lab, Starport Reactor  
  199  25:08  Starport Tech Lab x2  
  199  25:09  Starport Tech Lab  
  196  25:10  Starport Tech Lab  
  196  25:12  Siege Tank x2  
  196  25:13  Planetary Fortress, Siege Tank x2  
  196  25:25  Planetary Fortress  
  196  25:45  Refinery  
  193  26:00  Terran Ship Weapons Level 2  
  193  26:02  Missile Turret  
  193  26:03  Missile Turret, Battlecruiser  
  193  26:07  Missile Turret  
  193  26:08  Refinery, Missile Turret  
  193  26:09  Missile Turret  
  199  26:12  Missile Turret  
  199  26:14  Weapon Refit  
  199  26:20  Siege Tank x2  
  199  26:30  Corvid Reactor  
  199  26:33  Missile Turret, Siege Tank  
  199  26:37  Missile Turret  
  191  27:16  Siege Tank  
  191  27:17  Command Center  
  191  27:18  Command Center  
  191  27:52  Command Center  
  191  27:57  Command Center  
  190  28:03  Barracks  
  190  28:06  Missile Turret  
  190  28:08  Barracks  
  190  28:10  Missile Turret x2  
  190  28:11  Supply Depot  
  190  28:15  Missile Turret  
  190  28:20  Terran Infantry Armor Level 1  
  190  28:25  Battlecruiser  
  196  28:41  Missile Turret  
  196  28:43  Missile Turret x2  
  196  28:44  Missile Turret  
  196  29:08  Missile Turret  
  196  29:16  Missile Turret x2  
  196  29:19  Supply Depot  
  196  29:37  Supply Depot  
Tags
 
Add a new tag
Caveats
  • Supply blocks, unpowered buildings, or Contaminate may cause inaccurate times.
  • Supply counts are checked every 10 seconds.